 Dungeon Crawl Stone Soup version 0.19.1-1-g22dce08 (webtiles) character file.

928 LORDOFBUTT the Cleaver (level 7, -6/96 HPs)
             Began as a Minotaur Berserker on Jan 11, 2017.
             Was a Priest of Trog.
             Mangled by senyk's ghost (17 damage)
             ... on level 5 of the Dungeon.
             The game lasted 00:04:32 (4010 turns).

LORDOFBUTT the Cleaver (Minotaur Berserker)         Turns: 4010, Time: 00:04:32

Health: -6/96      AC:  5    Str: 27    XL:     7   Next: 85%
Magic:  6/6        EV: 13    Int:  4    God:    Trog [***...]
Gold:   167        SH:  0    Dex: 11    Spells: 0 memorised, 6 levels left

rFire  . . .     SeeInvis +     a - +0 hand axe
rCold  . . .     Gourm    .     b - +0 animal skin
rNeg   . . .     Faith    .     (no shield)
rPois  .         Spirit   .     (helmet restricted)
rElec  .         Reflect  .     o - +2 cloak
rCorr  .         Harm     .     (no gloves)
MR     +....                    (no boots)
Stlth  ..........               (no amulet)
                                h - ring of see invisible
                                k - ring of protection from magic

@: berserking, very quick
A: retaliatory headbutt, horns 2
a: Berserk, Trog's Hand, Burn Spellbooks, Renounce Religion


You were on level 5 of the Dungeon.
You worshipped Trog.
Trog was most pleased with you.
You were very hungry.

You visited 1 branch of the dungeon, and saw 5 of its levels.

You collected 167 gold pieces.

Inventory:

Hand Weapons
 a - a +0 hand axe (weapon)
Armour
 b - a +0 animal skin (worn)
 o - a +2 cloak (worn)
Jewellery
 h - a ring of see invisible (right hand)
 k - a ring of protection from magic (left hand)
 q - a +5 ring of intelligence
 y - an uncursed ring of magical power {unknown}
 D - an uncursed ring of poison resistance {unknown}
Scrolls
 g - a scroll of recharging
 i - a scroll of fear
 j - 2 scrolls of remove curse
 n - 2 scrolls of fog
 p - a scroll of immolation {unknown}
 r - 2 scrolls of teleportation
 t - a scroll of magic mapping
Potions
 c - a potion of heal wounds {unknown}
 d - a potion of resistance {unknown}
 e - 3 potions of degeneration {unknown}
 f - a potion of cancellation {unknown}
 l - a potion of mutation {unknown}
 m - 2 potions of curing {unknown}
 s - 2 potions of agility
 w - a potion of magic {unknown}
 x - a potion of lignification {unknown}
 A - 2 potions of ambrosia {unknown}
 C - a potion of berserk rage {unknown}
 E - a potion of brilliance {unknown}
Books
 B - a book of Necromancy

   Spells                             Type                      Level
   a - Pain                           Necromancy                   1
   b - Animate Skeleton               Necromancy                   1
   c - Vampiric Draining              Necromancy                   3
   d - Regeneration                   Charms/Necromancy            3
   e - Animate Dead                   Necromancy                   4
   f - Control Undead                 Necromancy                   4
   Trog disapproves of the use of such an item.
Comestibles
 u - 2 slices of pizza
 v - 2 bread rations
 z - 2 meat rations


   Skills:
 + Level 6.4 Fighting
 * Level 8.1 Axes
 + Level 4.7 Armour
 + Level 4.4 Dodging


You had 6 spell levels left.
You didn't know any spells.

Dungeon Overview and Level Annotations

Branches:
Dungeon (5/15)
 Temple: D:4-7

Altars:
Ashenzari
Gozag
Hepliaklqana
Kikubaaqudgha
Makhleb
Trog

Annotations:
D:5 senyk's ghost, novice OpMo


Innate Abilities, Weirdness & Mutations

You reflexively headbutt those who attack you in melee.
You have a pair of horns on your head.


Message History

You feel yourself moving faster!
You feel mighty!
You are feeling very hungry.
Senyk's ghost lets out a mournful wail.
You closely miss senyk's ghost. Your headbutt misses senyk's ghost.
Senyk's ghost hits you.
You barely miss senyk's ghost. Senyk's ghost hits you!
* * * LOW HITPOINT WARNING * * *
You closely miss senyk's ghost. You closely miss senyk's ghost.
Senyk's ghost barely misses you. You furiously retaliate!
You headbutt senyk's ghost! You hit senyk's ghost. You headbutt senyk's ghost!
Senyk's ghost is heavily damaged.
You closely miss senyk's ghost.
Senyk's ghost is heavily damaged.
Senyk's ghost hits you!
* * * LOW HITPOINT WARNING * * *
You closely miss senyk's ghost.
Senyk's ghost is heavily damaged.
Senyk's ghost hits you!
You die...

##########
#........#
#........####
#...%..W@...#
#...........#
#...........#
#...........#
#...........#
######...........#
#...##.......[...#
#...#............#
#.....###..>.#..


You could see senyk's ghost.

Vanquished Creatures
  Eustachio (D:4)
  Sigmund (D:4)
  A scorpion (D:5)
  3 hounds (D:4)
  A jelly (D:3)
  3 orc priests
  Crazy Yiuf (D:4)
  An iguana (D:4)
  A bullfrog skeleton (D:4)
  3 worker ants (D:4)
  2 orc wizards (D:5)
  4 gnolls (D:4)
  5 adders
  An adder skeleton (D:2)
  A worm (D:4)
  2 dart slugs (D:1)
  A leopard gecko (D:1)
  13 orcs
  A ball python (D:1)
  5 bats
  2 bat zombies (D:2)
  4 giant cockroaches
  3 goblins
  3 hobgoblins
  10 jackals
  4 kobolds
  A quokka (D:4)
  9 frilled lizards
  A giant cockroach zombie (D:2)
  A quokka zombie (D:5)
  10 rats
99 creatures vanquished.

Notes
Turn   | Place    | Note
-------+----------+-------------------------------------------
     0 | D:1      | LORDOFBUTT the Minotaur Berserker began the quest for the Orb.
     0 | D:1      | Reached XP level 1. HP: 19/19 MP: 0/0
    58 | D:1      | Reached XP level 2. HP: 19/27 MP: 1/1
   155 | D:1      | Reached skill level 4 in Axes
   391 | D:1      | Reached ** piety under Trog
   442 | D:1      | Reached XP level 3. HP: 34/34 MP: 2/2
  1220 | D:2      | Reached XP level 4. HP: 41/41 MP: 3/3
  1773 | D:3      | Reached skill level 5 in Axes
  2020 | D:3      | Reached XP level 5. HP: 38/47 MP: 4/4
  2118 | D:3      | Reached skill level 5 in Fighting
  2347 | D:4      | Noticed Sigmund
  2355 | D:4      | Killed Sigmund
  2355 | D:4      | Reached skill level 6 in Axes
  2355 | D:4      | Reached XP level 6. HP: 56/56 MP: 5/5
  2355 | D:4      | Reached *** piety under Trog
  2362 | D:4      | Found a shattered altar of Ashenzari.
  2440 | D:4      | Found a burning altar of Makhleb.
  2442 | D:4      | Found an opulent altar of Gozag.
  2507 | D:4      | Found a bloodstained altar of Trog.
  2509 | D:4      | Found an ancient bone altar of Kikubaaqudgha.
  2510 | D:4      | Found a hazy altar of Hepliaklqana.
  2891 | D:4      | Reached skill level 7 in Axes
  2891 | D:4      | Reached XP level 7. HP: 62/62 MP: 6/6
  3135 | D:4      | Found a runed door.
  3269 | D:4      | Noticed Eustachio
  3288 | D:4      | Killed Eustachio
  3542 | D:4      | Noticed Crazy Yiuf
  3544 | D:4      | Paralysed by Crazy Yiuf for 3 turns
  3549 | D:4      | Killed Crazy Yiuf
  3757 | D:5      | Entered Level 5 of the Dungeon
  3856 | D:5      | Reached skill level 8 in Axes
  3993 | D:5      | Noticed senyk's ghost (novice OpMo)
  4010 | D:5      | Mangled by senyk's ghost

Skill      XL: |  1  2  3  4  5  6  7 |
---------------+----------------------+-----
Fighting       | 4 5 6 |  6.4
Axes           | 4 5 6 7 8 |  8.1
Armour         | 3 4 |  4.7
Dodging        | 3 4 |  4.4

Action                   |  1- 3 |  4- 6 |  7- 9 || total
-------------------------+-------+-------+-------++-------
Melee: Hand axe          |    76 |    82 |    72 ||   230
       Headbutt          |    13 |    24 |    12 ||    49
Invok: Berserk           |       |     1 |     3 ||     4
  Use: Scroll            |       |       |     9 ||     9
 Stab: Sleeping          |     1 |       |       ||     1
  Eat: Bread ration      |       |     1 |       ||     1
       Chunk             |       |     3 |     3 ||     6
       Fruit             |       |       |     2 ||     2
Armor: Animal skin       |    13 |    18 |    10 ||    41
Dodge: Dodged            |    61 |    53 |    35 ||   149
